 Dungeon Crawl Stone Soup version 0.19-a0-1903-gead39cf (webtiles) character file.

152 JeffiDaFish the Skirmisher (level 5, -2/48 HPs)
             Began as a Hill Orc Fighter on Oct 21, 2016.
             Slain by an ice beast (7 damage)
             ... on level 6 of the Dungeon.
             The game lasted 00:10:25 (1772 turns).

JeffiDaFish the Skirmisher (Hill Orc Fighter)       Turns: 1772, Time: 00:10:26

Health: -2/48      AC:  8    Str: 22    XL:     5   Next: 34%
Magic:  6/6        EV:  7    Int: 11    God:
Gold:   107        SH:  9    Dex: 10    Spells: 1 memorised, 2 levels left

rFire  . . .     SeeInvis .     a - +0 long sword
rCold  . . .     Gourm    .     b - +0 scale mail
rNeg   . . .     Faith    .     c - +0 shield
rPois  .         Spirit   .     (no helmet)
rElec  .         Reflect  .     (no cloak)
rCorr  .         Harm     .     (no gloves)
MR     .....                    (no boots)
Stlth  ..........               (no amulet)
                                i - +2 ring of strength
                                p - +3 ring of intelligence

@: no status effects
A: rugged brown scales 1
a: no special abilities


You were on level 6 of the Dungeon.
You were not hungry.

You visited 1 branch of the dungeon, and saw 4 of its levels.

You collected 107 gold pieces.

Inventory:

Hand Weapons
 a - a +0 long sword (weapon)
Armour
 b - a +0 scale mail (worn)
 c - a +0 shield (worn)
Jewellery
 h - an uncursed ring of protection from cold
 i - a +2 ring of strength (right hand)
 p - a +3 ring of intelligence (left hand)
Scrolls
 e - 2 scrolls of teleportation
 m - a scroll of remove curse
 n - a scroll of amnesia
 o - 2 scrolls of identify
Potions
 d - a potion of might
Books
 l - a book of Maledictions

   Spells                             Type                      Level
   a - Corona                         Hexes                        1
   b - Ensorcelled Hibernation        Hexes/Ice                    2
   c - Confuse                        Hexes                        3
   d - Tukima's Dance                 Hexes                        3
   e - Dazzling Spray                 Conjuration/Hexes            3
 q - a book of Misfortune

   Spells                             Type                      Level
   a - Confusing Touch                Hexes                        1
   b - Confuse                        Hexes                        3
   c - Gell's Gravitas                Hexes/Translocation          3
   d - Petrify                        Transmutation/Earth          4
   e - Metabolic Englaciation         Hexes/Ice                    5
   f - Yara's Violent Unravelling     Hexes/Transmutation          5
Comestibles
 f - 2 bread rations
 g - a chunk of flesh
 j - 3 meat rations
 k - a beef jerky


   Skills:
 + Level 4.3 Fighting
 + Level 3.4 Long Blades
 + Level 4.2 Armour
 - Level 0.1 Dodging
 + Level 4.0 Shields
 * Level 0.9 Spellcasting
 + Level 0.4 Hexes


You had 2 spell levels left.
You knew the following spells:

 Your Spells              Type           Power        Failure   Level  Hunger
a - Confuse               Hex            #.......     100%        3    ####...


Dungeon Overview and Level Annotations

Branches:
Dungeon (3/15)

Altars:
Okawaru


Innate Abilities, Weirdness & Mutations

You are partially covered in rugged brown scales. (AC +1, +3% HP)


Message History

The ice beast hits you but does no damage.
You block the ball python zombie's attack. x2
You see here a book of Misfortune.
q - a book of Misfortune The ball python zombie bites you but does no damage.
The ball python zombie grabs you. The ball python zombie constricts you.
The ice beast hits you. The ice beast freezes you!
You escape the ball python zombie's grasp.
The ice beast hits you. The ice beast freezes you!
* * * LOW HITPOINT WARNING * * *
The ice beast hits you.
* * * LOW HITPOINT WARNING * * *
The ice beast freezes you.
* * * LOW HITPOINT WARNING * * *
The ball python zombie bites you but does no damage.
You block the ball python zombie's attack.
The ice beast hits you.
* * * LOW HITPOINT WARNING * * *
The ice beast freezes you!
You die...

.# ####++###.#
##.........##
#..?/.......##
.............#
#=..........#
##...(.......#
.......@.....#
.##...^ZY....#
.....<......##
####........#
#..........#
#.....%....#
#..........#
#..........#
#..........#


You could see an ice beast and a ball python zombie.

Vanquished Creatures
  An orc wizard (D:3)
  3 adders
  2 oozes
  3 dart slugs
  3 leopard geckos
  5 orcs (D:3)
  2 ball pythons
  6 giant cockroaches
  10 goblins
  8 hobgoblins
  9 jackals (D:2)
  6 bats
  4 frilled lizards
  4 kobolds (D:1)
  4 rats
70 creatures vanquished.

Notes
Turn   | Place    | Note
-------+----------+-------------------------------------------
     0 | D:1      | JeffiDaFish the Hill Orc Fighter began the quest for the Orb.
     0 | D:1      | Reached XP level 1. HP: 19/19 MP: 1/1
    34 | D:1      | Reached XP level 2. HP: 16/27 MP: 2/2
   412 | D:1      | Reached XP level 3. HP: 33/33 MP: 3/3
   816 | D:2      | Gained mutation: You are dopey. (Int -2) [potion of mutation]
   816 | D:2      | Lost mutation: You are dopey. (Int -2) [potion of mutation]
   816 | D:2      | Gained mutation: You are partially covered in rugged brown scales. (AC +1, +3% HP) [potion of mutation]
   852 | D:2      | Reached XP level 4. HP: 36/41 MP: 4/4
  1148 | D:2      | Learned a level 3 spell: Confuse
  1395 | D:3      | Found an iron altar of Okawaru.
  1455 | D:3      | Reached XP level 5. HP: 47/47 MP: 5/5
  1763 | D:3      | You fall through a shaft for 3 floors!
  1763 | D:6      | Noticed an ice beast
  1772 | D:6      | Slain by an ice beast

Vault maps used:
D:1:      minmay_arrival_stone_box
D:2:      st_stairs_7, serial_bayou_pond_c, roderic_serpentine_path,
          minmay_tripent
D:3:      okawaru_trees_1, first_bread
D:6:      cheibrodos_quashed, nicolae_overflow_hidden_temple,
          kennysheep_generic_room_12

Skill      XL: |  1  2  3  4 |
---------------+-------------+-----
Long Blades    | 3 |  3.4
Armour         | 4 |  4.2
Fighting       | 4 |  4.3
Shields        | 4 |  4.0
Dodging        | |  0.1
Spellcasting   | |  0.9
Hexes          | |  0.4

Action                   |  1- 3 |  4- 6 || total
-------------------------+-------+-------++-------
Melee: Long sword        |   113 |   136 ||   249
  Use: Scroll            |     4 |     4 ||     8
       Potion            |     2 |     4 ||     6
  Eat: Chunk             |       |     4 ||     4
Armor: Scale mail        |    63 |    66 ||   129
Dodge: Dodged            |    46 |    36 ||    82
Block: Shield            |    69 |    70 ||   139
       Rpst.: Long sword |    18 |    11 ||    29
